 Dungeon Crawl Stone Soup version 0.23.0 (webtiles) character file.

Game seed: 5490584166677763904

49 Oravi the Digger (level 4, 0/30 HPs)
             Began as a Halfling Earth Elementalist on Feb 13, 2019.
             Slain by a slave (4 damage)
             ... led by Pikel
             ... on level 3 of the Dungeon.
             The game lasted 00:07:46 (1909 turns).

Oravi the Digger (Halfling Earth Elementalist)      Turns: 1909, Time: 00:07:46

Health: 0/30       AC:  2    Str: 10    XL:     4   Next: 1%
Magic:  2/6        EV: 15    Int: 13    God:
Gold:   79         SH:  0    Dex: 14    Spells: 5/6 levels left

rFire    . . .     SeeInvis .   g - +0 short sword
rCold    . . .     Gourm    .   (shield restricted)
rNeg     . . .     Faith    .   c - +0 robe
rPois    .         Spirit   .   (no helmet)
rElec    .         Reflect  .   (no cloak)
rCorr    .         Harm     .   (no gloves)
MR       .....                  (no boots)
Stlth    +++.......             (no amulet)
HPRegen  0.10/turn              p - ring of stealth
MPRegen  0.10/turn              (no ring)

@: no status effects
A: small, mutation resistance 1
a: no special abilities


You were on level 3 of the Dungeon.
You were not hungry.

You visited 1 branch of the dungeon, and saw 4 of its levels.

You collected 79 gold pieces.

Inventory:

Hand Weapons
 g - a +0 short sword (weapon)
 h - a +0 whip
Missiles
 b - 51 stones (quivered)
 j - 24 poisoned needles
 n - 40 sling bullets
Armour
 c - a +0 robe (worn)
Jewellery
 p - a ring of stealth (left hand)
Scrolls
 l - a scroll of blinking {unknown}
 o - a scroll of noise {unknown}
Potions
 e - a potion of mutation {unknown}
 f - a potion of curing {@q1}
 i - a potion of degeneration {unknown}
Comestibles
 d - 5 rations
 m - 2 chunks of flesh


   Skills:
 + Level 2.9 Fighting
 - Level 2.1 Dodging
 - Level 2.1 Stealth
 - Level 1.5 Spellcasting
   Level 0.5 Transmutations
 - Level 3.0 Earth Magic


You had 5 spell levels left.
You knew the following spells:

 Your Spells              Type           Power        Failure   Level  Hunger
a - Sandblast             Erth           #.....       8%          1    ##.....

Your spell library contained the following spells:

 Spells                   Type           Power        Failure   Level  Hunger
 Passwall                 Tmut/Erth      #.......     21%         2    ###....
 Stone Arrow              Conj/Erth      #.....       41%         3    ####...
 Petrify                  Tmut/Erth      #.......     78%         4    #####..
 Lee's Rapid Deconstruct  Erth           #.........   91%         5    ######.


Dungeon Overview and Level Annotations

Branches:
Dungeon (4/15)
 Temple: D:4-7

Altars:

Annotations:
D:4 Blork the orc, Pikel


Innate Abilities, Weirdness & Mutations

You are small and have problems with some larger weapons.
You are somewhat resistant to further mutation.


Message History

Casting: Sandblast (safe; 8% risk of failure)
Aiming: Sandblast (safe; 8% risk of failure)
Aim: a slave, wearing a +0 animal skin The blast of sand hits the slave but does no damage.
b - 53 stones The slave completely misses you.
Casting: Sandblast (safe; 8% risk of failure)
Aiming: Sandblast (safe; 8% risk of failure)
Aim: a slave, wearing a +0 animal skin The blast of sand misses the slave.
b - 52 stones The slave hits you!
* * * LOW HITPOINT WARNING * * *
Casting: Sandblast (safe; 8% risk of failure)
Aiming: Sandblast (safe; 8% risk of failure)
Aim: a slave, wearing a +0 animal skin The blast of sand hits the slave but does no damage.
b - 51 stones The slave hits you.
You die...

#......#
#<.....#
#......##
#.......
#.......
#......#
#......##
#.....@.#
#....p.##
#.......
#.......#
#.......#
#......##
#.#....#
#.....##


You could see a slave.

Vanquished Creatures
  A gnoll (D:1)
  An ooze (D:1)
  A dart slug (D:1)
  2 leopard geckos (D:1)
  A ball python (D:1)
  A giant cockroach (D:1)
  4 goblins
  3 hobgoblins (D:1)
  4 bats (D:1)
  2 frilled lizards (D:1)
  6 kobolds (D:1)
  7 rats
33 creatures vanquished.

Notes
Turn   | Place    | Note
-------+----------+-------------------------------------------
     0 | D:1      | Oravi the Halfling Earth Elementalist began the quest for
                  | the Orb.
     0 | D:1      | Reached XP level 1. HP: 11/11 MP: 3/3
   252 | D:1      | Reached skill level 1 in Fighting
   401 | D:1      | Reached XP level 2. HP: 16/18 MP: 0/4
   903 | D:1      | Reached XP level 3. HP: 16/24 MP: 5/5
  1862 | D:2      | Reached XP level 4. HP: 30/30 MP: 6/6
  1888 | D:2      | You fall through a shaft for 2 floors!
  1889 | D:4      | Noticed Pikel
  1889 | D:4      | Noticed a slave
  1889 | D:4      | Noticed a slave
  1889 | D:4      | Noticed a slave
  1889 | D:4      | Noticed a slave
  1889 | D:4      | Noticed Blork the orc
  1909 | D:3      | Slain by a slave

Skill      XL: |  1  2 |
---------------+-------+-----
Fighting       | 1 2 |  2.9
Dodging        | |  2.1
Stealth        | |  2.1
Spellcasting   | |  1.5
Transmutations | |  0.5
Earth Magic    | |  3.0

Action                   |  1- 3 |  4- 6 || total
-------------------------+-------+-------++-------
Melee: Unarmed           |    40 |       ||    40
       Short sword       |    71 |       ||    71
 Cast: Sandblast         |    18 |     4 ||    22
  Use: Scroll            |       |     2 ||     2
       Potion            |       |     1 ||     1
 Stab: Sleeping          |     6 |       ||     6
  Eat: Chunk             |     4 |       ||     4
Armor: Robe              |    19 |     1 ||    20
Dodge: Dodged            |    99 |     3 ||   102
